 Dungeon Crawl Stone Soup version 0.20.0-10-g0535bb4 (webtiles) character file.

141 maniacrov the Firebug (level 5, -11/28 HPs)
             Began as a Deep Elf Fire Elementalist on June 7, 2017.
             Mangled by Duvessa
             ... wielding a +2 vampiric short sword
              (12 damage)
             ... on level 4 of the Dungeon.
             The game lasted 00:12:59 (2694 turns).

maniacrov the Firebug (Deep Elf Fire Elementalist)  Turns: 2694, Time: 00:13:00

Health: -11/28     AC:  2    Str:  5    XL:     5   Next: 3%
Magic:  1/13       EV: 13    Int: 21    God:
Gold:   118        SH:  0    Dex: 13    Spells: 9/12 levels left

rFire    . . .     SeeInvis .   e - +1 short sword
rCold    . . .     Gourm    .   (no shield)
rNeg     . . .     Faith    .   a - +0 robe
rPois    .         Spirit   .   (helmet restricted)
rElec    .         Reflect  .   (no cloak)
rCorr    .         Harm     .   (no gloves)
MR       .....                  (no boots)
Stlth    ++........             (no amulet)
Regen    0.1/turn               (no ring)
MPRegen  0.2/turn               (no ring)

@: no status effects
A: claws 1, horns 1, clumsy 1, sense surroundings 1
a: no special abilities


You were on level 4 of the Dungeon.
You were not hungry.

You visited 1 branch of the dungeon, and saw 4 of its levels.

You collected 118 gold pieces.

Inventory:

Hand Weapons
 e - a +1 short sword (weapon)
 l - a +0 long sword
Armour
 a - a +0 robe (worn)
Wands
 j - a wand of flame (25/48)
Scrolls
 d - a scroll of immolation {unknown}
 g - a scroll of remove curse
 i - 2 scrolls of random uselessness {unknown}
 k - 2 scrolls of fear
 o - a scroll of amnesia
Potions
 n - a potion of berserk rage
Books
 b - a book of Flames

   Spells                             Type                      Level
   a - Flame Tongue                   Conjuration/Fire             1
   b - Throw Flame                    Conjuration/Fire             2
   c - Conjure Flame                  Conjuration/Fire             3
   d - Inner Flame                    Hexes/Fire                   3
   e - Sticky Flame                   Conjuration/Fire             4
   f - Fireball                       Conjuration/Fire             5
Comestibles
 c - 4 bread rations
 h - a royal jelly
 m - a meat ration


   Skills:
 + Level 3.4 Dodging
 + Level 3.8 Stealth
 + Level 4.0 Spellcasting
 + Level 2.5 Conjurations
 + Level 4.1 Fire Magic


You had 9 spell levels left.
You knew the following spells:

 Your Spells              Type           Power        Failure   Level  Hunger
a - Flame Tongue          Conj/Fire      ###..        3%          1    None
b - Throw Flame           Conj/Fire      ###...       4%          2    #......


Dungeon Overview and Level Annotations

Branches:
Dungeon (4/15)
 Temple: D:4-7

Altars:
Cheibriados
Kikubaaqudgha
Qazlal
Ru

Annotations:
D:4 Dowan, Duvessa


Innate Abilities, Weirdness & Mutations

You have sharp fingernails.
You have a pair of small horns on your head.
You are clumsy. (Dex -2)
You passively map a small area around you.


Message History

The flame tongue hits Duvessa.
Duvessa is heavily wounded.
Duvessa hits you with a vampiric short sword.
* * * LOW HITPOINT WARNING * * *
Duvessa draws strength from your wounds!
Dowan misses you.
Casting: Flame Tongue
Confirm with . or Enter, or press ? or * to list all spells.
Aiming: Flame Tongue
Press: ? - help, Shift-Dir - straight line, f/p - Duvessa
Aim: Duvessa, wielding a vampiric short sword and wearing a chain mail (heavily wounded, fast)
The flame tongue hits Duvessa.
Duvessa appears unharmed.
Duvessa is heavily wounded.
Duvessa hits you with a vampiric short sword.
* * * LOW HITPOINT WARNING * * *
Duvessa draws strength from your wounds!
Dowan casts a spell at you. You resist with some effort.
Duvessa hits you with a vampiric short sword!
You die...

..#. #., ...###### *
....##.######......#
#...........#......# *
.........##.#..†...####
#.........#'#..........
*,
####..........<.......
* #..?......#........ *
#.........#........
#.@.......#........ *
#.ee..(...######### *
##......#.# ** *
##....##.# ,,,
,+....+..# ,,,#....#* *
, #....# , #(...# ,


You could see Duvessa and Dowan.

Vanquished Creatures
  A centaur zombie (D:3)
  A worker ant (D:4)
  3 adders (D:2)
  3 worms
  2 leopard geckos
  2 ball pythons
  A giant cockroach (D:3)
  5 hobgoblins
  A jackal (D:3)
  2 quokkas
  11 bats
  3 frilled lizards
  4 goblins
  A jackal zombie (D:3)
  4 kobolds
  6 rats
50 creatures vanquished.

Notes
Turn   | Place    | Note
-------+----------+-------------------------------------------
     0 | D:1      | maniacrov the Deep Elf Fire Elementalist began the quest for the Orb.
     0 | D:1      | Reached XP level 1. HP: 10/10 MP: 6/6
   298 | D:1      | Reached XP level 2. HP: 10/15 MP: 5/8
   302 | D:1      | Learned a level 2 spell: Throw Flame
  1155 | D:2      | Reached XP level 3. HP: 19/19 MP: 5/9
  1532 | D:2      | Gained mutation: You have sharp fingernails. [potion of mutation]
  1532 | D:2      | Gained mutation: You passively map a small area around you. [potion of mutation]
  1532 | D:2      | Gained mutation: You are clumsy. (Dex -2) [potion of mutation]
  1532 | D:2      | Gained mutation: You have a pair of small horns on your head. [potion of mutation]
  1661 | D:3      | Found a sacrificial altar of Ru.
  1727 | D:3      | Found an ancient bone altar of Kikubaaqudgha.
  1727 | D:3      | Found a stormy altar of Qazlal.
  1736 | D:3      | Found a faded altar of an unknown god.
  1739 | D:3      | Found a snail-covered altar of Cheibriados.
  1741 | D:3      | Found a faded altar of an unknown god.
  1959 | D:3      | Reached XP level 4. HP: 24/24 MP: 2/11
  2398 | D:4      | Reached XP level 5. HP: 14/28 MP: 4/13
  2679 | D:4      | Noticed Duvessa
  2681 | D:4      | Noticed Dowan
  2694 | D:4      | HP: 1/28 [Duvessa/vampiric short sword (4)]
  2694 | D:4      | Mangled by Duvessa

Skill      XL: |  1  2  3  4 |
---------------+-------------+-----
Stealth        | 3 |  3.8
Dodging        | 3 |  3.4
Conjurations   | 2 |  2.5
Fire Magic     | 4 |  4.1
Spellcasting   | 4 |  4.0

Action                   |  1- 3 |  4- 6 || total
-------------------------+-------+-------++-------
Melee: Club              |     8 |       ||     8
       Short sword       |       |     4 ||     4
 Cast: Flame Tongue      |    63 |    35 ||    98
       Throw Flame       |     6 |    10 ||    16
  Use: Scroll            |     6 |       ||     6
       Potion            |     5 |     2 ||     7
  Eat: Meat ration       |     1 |       ||     1
       Royal jelly       |       |     1 ||     1
Armor: Robe              |     3 |     3 ||     6
Dodge: Dodged            |    27 |    19 ||    46
